AoeStats
← 海峡

Arabia

508464077Analyzed
1v1 RM · 10d ago on Sep 22, 2026· 19m 42s· 2 players
Game mode
Random Map
Map size
Tiny (2 player)
Population
200
Speed
Normal
Resources
Standard
Victory
Conquest
Starting age
Dark Age
Ending age
Imperial Age
RankedLock teamsTeams togetherTeam positionsShared explorationLock speedFull tech treeHidden civsTurbo modeCheats
Victory
Defeat
🇨🇳 Saxons · China
1653
+13
🇩🇰 Franks · Denmark
1589
-13
海峡
6:36 Loom
8:53 Feudal Age
9:20 Double-Bit Axe
9:31 Man-at-Arms
15:36 Scale Mail Armor
16:54 Wheelbarrow
21:45 Castle Age
20:02 Forging
J3W
6:46 Loom
9:17 Feudal Age
9:52 Double-Bit Axe
14:00 Wheelbarrow
15:47 Town Watch
Connection lost

Rejoining the realm…

Still unreachable

The connection could not be restored.

Session expired

The server has moved on; the page needs a fresh start.